 Dungeon Crawl Stone Soup version 0.20.1-1-g8b1a95d (webtiles) character file.

2123 Irenicus the Thaumaturge (level 9, -47/57 HPs)
             Began as a Mummy Necromancer on Nov 5, 2017.
             Was a Believer of Yredelemnul.
             Killed from afar by an orc (51 damage)
             ... with an exploding inner flame
             ... hexed by the player character
             ... on level 7 of the Dungeon.
             The game lasted 00:35:53 (4057 turns).

Irenicus the Thaumaturge (Mummy Necromancer)        Turns: 4057, Time: 00:35:53

Health: -47/57     AC: 12    Str: 12    XL:     9   Next: 8%
Magic:  0/24       EV: 11    Int: 17    God:    Yredelemnul [**....]
Gold:   305        SH:  0    Dex: 12    Spells: 17/30 levels left

rFire    x . .     SeeInvis .   i - +3 dagger (speed)
rCold    + . .     Gourm    .   (no shield)
rNeg     + + +     Faith    .   p - +0 leather armour
rPois    ∞         Spirit   .   a - +1 helmet
rElec    .         Reflect  .   (no cloak)
rCorr    .         Harm     .   c - +0 pair of gloves
MR       +....                  (no boots)
Stlth    +.........             (no amulet)
Regen    0.2/turn               j - +6 ring of protection
MPRegen  0.2/turn               (no ring)

@: very slightly contaminated
A: no food or potions, fire vulnerability, cold resistance 1, negative energy
resistance 3, torment resistance, unbreathing
a: Animate Remains, Recall Undead Slaves, Injury Mirror, Renounce Religion


You were on level 7 of the Dungeon.
You worshipped Yredelemnul.
Yredelemnul was pleased with you.
You were not hungry.

You visited 2 branches of the dungeon, and saw 9 of its levels.
You also visited: Ossuary.

You collected 305 gold pieces.

Inventory:

Hand Weapons
 e - a +3 dagger
 i - a +3 dagger of speed (weapon)
Missiles
 t - a throwing net (quivered)
Armour
 a - a +1 helmet (worn)
 c - a +0 pair of gloves (worn)
 p - a +0 leather armour (worn)
Magical Staves
 v - an uncursed staff of fire {unknown}
Jewellery
 j - a +6 ring of protection (left hand)
 s - an uncursed ring of fire
Wands
 q - a wand of polymorph (2/24)
 u - a wand of lightning (0/15)
Scrolls
 g - 2 scrolls of recharging
 h - a scroll of enchant armour
 l - 2 scrolls of amnesia
 m - a scroll of identify
 o - a scroll of remove curse
 r - a scroll of fog
Books
 b - a book of Necromancy

   Spells                             Type                      Level
   a - Pain                           Necromancy                   1
   b - Animate Skeleton               Necromancy                   1
   c - Vampiric Draining              Necromancy                   3
   d - Regeneration                   Charms/Necromancy            3
   e - Animate Dead                   Necromancy                   4
   f - Control Undead                 Necromancy                   4
 k - a book of Minor Magic

   Spells                             Type                      Level
   a - Magic Dart                     Conjuration                  1
   b - Blink                          Translocation                2
   c - Call Imp                       Summoning                    2
   d - Slow                           Hexes                        2
   e - Conjure Flame                  Conjuration/Fire             3
   f - Mephitic Cloud                 Conjuration/Poison/Air       3


   Skills:
 - Level 1.5 Dodging
 - Level 1.5 Stealth
 - Level 11.1 Spellcasting
 + Level 8.8 Necromancy


You had 17 spell levels left.
You knew the following spells:

 Your Spells              Type           Power        Failure   Level  Hunger
a - Pain                  Necr           ####         1%          1    N/A
b - Animate Skeleton      Necr           N/A          1%          1    N/A
c - Animate Dead          Necr           N/A          2%          4    N/A
d - Control Undead        Necr           #####.....   2%          4    N/A
e - Vampiric Draining     Necr           #####.....   1%          3    N/A

Dungeon Overview and Level Annotations

Branches:
Dungeon (8/15)             Temple (1/1) D:4
   Lair: D:8-11

Altars:
Cheibriados
Dithmenos
Fedhas
Gozag
Kikubaaqudgha
Makhleb
Nemelex Xobeh
Okawaru
Qazlal
Ru
Sif Muna
Trog
Uskayaw
Yredelemnul
The Shining One


Innate Abilities, Weirdness & Mutations

You do not eat or drink.
Your flesh is vulnerable to fire.
You are immune to poison.
Your flesh is cold resistant. (rC+)
You are immune to negative energy. (rN+++)
You are immune to unholy pain and torment.
You can survive without breathing.


Message History

The orc writhes in agony!
The orc hits you but does no damage. The orc priest hits you with a flail.
* * * LOW HITPOINT WARNING * * *
You can't drink.
As you read the scroll of immolation, it crumbles to dust.
The creatures around you are filled with an inner flame!
The orc hits you but does no damage. The orc barely misses you.
The orc warrior hits you from afar with a glaive!
* * * LOW HITPOINT WARNING * * *
Casting: Pain
Confirm with . or Enter, or press ? or * to list all spells.
Aiming: Pain
Press: ? - help, Shift-Dir - straight line, f/p - orc
Aim: an orc, wielding a mace and wearing a ring mail (heavily wounded, inner flame, chance to defeat MR: 93%)
The orc writhes in agony!
The orc explodes!
The fiery explosion engulfs you! The fire burns you terribly!
Ouch! That really hurt!
You die...
Yredelemnul claims you as an undead slave.

#....o######.....##
#..>O).............
#........o........o..
###...########..##.#
#...#########.##o##
######..†..o...##...
#..§§...##.###.##...
#..§§§(.##.###).)M..
#..@oo..##..........
#...oo..M...##....#.
#.......###.........
#.......#...........
#......)#....?...##.
#.......#.........o.
#########..........#
#####.##+##[.#
#.....#...#.##


You could see an orc warrior (inner flame), a bog mummy (inner flame), an orc
priest (inner flame) and 2 orcs.

Vanquished Creatures
  Sigmund (D:4)
  2 sky beasts (D:6)
  2 ice beasts
  A necrophage (D:8)
  An ogre (D:4)
  2 centaurs (D:5)
  Blork the orc (D:5)
  A gnoll sergeant (D:4)
  2 scorpions
  3 killer bees (D:7)
  A crimson imp (D:6)
  A jelly (D:7)
  3 orc priests
  3 hounds
  2 iguanas
  Ijyb (D:4)
  5 orc wizards
  3 worker ants
  A howler monkey zombie (D:6)
  A worker ant zombie (D:5)
  4 gnolls (D:4)
  3 adders
  An ooze (D:1)
  An adder zombie (D:8)
  An adder skeleton (D:4)
  4 worms (D:2)
  3 dart slugs
  5 leopard geckos
  11 orcs
  9 goblins
  9 hobgoblins
  9 jackals
  3 quokkas
  9 bats
  4 frilled lizards
  A goblin zombie (D:6)
  A hobgoblin zombie (D:6)
  A jackal zombie (D:6)
  5 kobolds
  2 kobold skeletons (D:6)
  3 orc zombies (D:6)
  A quokka skeleton (D:5)
  8 rats
135 creatures vanquished.

Vanquished Creatures (collateral kills)
  An ogre (D:4)
  4 wights (D:7)
  A crimson imp (D:6)
  A hound (D:7)
  2 orc wizards
  A howler monkey zombie (D:5)
  2 worker ant zombies
  A worm (D:4)
  2 orcs
  A hobgoblin (D:3)
  A jackal (D:1)
  2 kobolds (D:1)
  A frilled lizard (D:1)
  A goblin skeleton (D:6)
  2 goblin zombies (D:6)
  A kobold skeleton (D:6)
  A kobold zombie (D:6)
  An orc zombie (D:6)
26 creatures vanquished.

Vanquished Creatures (others)
  A withered plant (Ossuary)
1 creature vanquished.

Grand Total: 162 creatures vanquished

Notes
Turn   | Place    | Note
-------+----------+-------------------------------------------
     0 | D:1      | Irenicus the Mummy Necromancer began the quest for the Orb.
     0 | D:1      | Reached XP level 1. HP: 13/13 MP: 4/4
    62 | D:1      | Reached skill level 3 in Spellcasting
   168 | D:1      | Reached XP level 2. HP: 9/19 MP: 0/6
   193 | D:1      | Learned a level 1 spell: Animate Skeleton
   385 | D:1      | Reached XP level 3. HP: 11/24 MP: 0/7
   526 | D:1      | Learned a level 3 spell: Vampiric Draining
   593 | D:2      | Reached skill level 5 in Necromancy
   605 | D:2      | Found a sparkling altar of Nemelex Xobeh.
   872 | D:2      | Reached XP level 4. HP: 30/30 MP: 0/8
  1044 | D:2      | Learned a level 4 spell: Control Undead
  1149 | D:3      | Found an iron altar of Okawaru.
  1466 | D:4      | Found a staircase to the Ecumenical Temple.
  1483 | Temple   | Entered the Ecumenical Temple
  1503 | Temple   | Became a worshipper of Yredelemnul the Dark
  1520 | D:4      | Reached XP level 5. HP: 27/35 MP: 0/9
  1537 | D:4      | Noticed an ogre
  1639 | D:4      | Reached XP level 6. HP: 30/41 MP: 0/10
  1737 | D:4      | Noticed Sigmund
  1765 | D:4      | Killed Sigmund
  1823 | D:4      | Reached XP level 7. HP: 18/46 MP: 0/12
  1867 | D:4      | Reached skill level 4 in Spellcasting
  2047 | D:4      | Noticed Ijyb
  2052 | D:4      | Killed Ijyb
  2052 | D:4      | Reached skill level 5 in Spellcasting
  2426 | D:5      | Entered Level 5 of the Dungeon
  2518 | D:5      | Learned a level 4 spell: Animate Dead
  2536 | D:5      | Reached skill level 6 in Spellcasting
  2694 | D:5      | Reached skill level 7 in Spellcasting
  2733 | D:5      | Reached XP level 8. HP: 41/52 MP: 1/19
  2769 | D:5      | Noticed Blork the orc
  2809 | D:5      | Killed Blork the orc
  2809 | D:5      | Reached skill level 8 in Spellcasting
  2854 | D:5      | Reached * piety under Yredelemnul
  3013 | D:6      | Found a glowing golden altar of the Shining One.
  3219 | D:6      | Reached skill level 9 in Spellcasting
  3293 | D:6      | Reached ** piety under Yredelemnul
  3408 | D:6      | Reached skill level 10 in Spellcasting
  3494 | D:7      | Found a sand-covered staircase.
  3499 | Ossuary  | Entered an ossuary
  3847 | D:8      | Reached skill level 11 in Spellcasting
  3885 | D:8      | Found a burning altar of Makhleb.
  3885 | D:8      | Found an iron altar of Okawaru.
  3886 | D:8      | Found an opulent altar of Gozag.
  3999 | D:7      | Reached XP level 9. HP: 43/57 MP: 0/24
  4057 | D:7      | Killed from afar by an orc

Skill      XL: |  1  2  3  4  5  6  7  8 |
---------------+-------------------------+-----
Spellcasting   | 3 7 11 | 11.1
Necromancy     | 5 6 7 8 |  8.8
Dodging        | |  1.5
Stealth        | |  1.5

Action                   |  1- 3 |  4- 6 |  7- 9 || total
-------------------------+-------+-------+-------++-------
Melee: Unarmed           |    22 |       |       ||    22
       Dagger            |    35 |    80 |   256 ||   371
Throw: Throwing net      |       |       |     1 ||     1
 Cast: Pain              |    71 |    64 |   102 ||   237
       Animate Skeleton  |     6 |     6 |    11 ||    23
       Vampiric Draining |       |     3 |    25 ||    28
       Control Undead    |       |       |    12 ||    12
       Animate Dead      |       |       |     5 ||     5
Evoke: Wand              |       |       |     3 ||     3
  Use: Scroll            |       |     3 |     8 ||    11
 Stab: Sleeping          |       |     1 |     2 ||     3
       Distracted        |       |     1 |       ||     1
Armor: Robe              |    14 |       |       ||    14
       Leather armour    |     3 |    32 |   135 ||   170
Dodge: Dodged            |    39 |    37 |   150 ||   226
